[Event "Team 45 45 League T100"]
[Site "Internet Chess Club"]
[Date "2024.06.07"]
[Round "4"]
[White "rkjulianjr"]
[Black "tightfist"]
[Result "0-1"]
[WhiteElo "1255"]
[BlackElo "1517"]
[Opening "QGD: exchange, positional line"]
[ECO "D35"]
[Time "11:09:13"]
[PlyCount "82"]
[TimeControl "2700+45"]

1. d4 e6 2. c4 d5 3. Nc3 Nf6 4. cxd5 exd5 5. Bg5 Be7 6. Qc2 c6 7. e3 O-O 8. Bd3
h6 9. Bf4 Bd6 10. Bxd6 Qxd6 11. Nf3 Be6 12. Na4 Qb4+ 13. Nc3 Nbd7 14. a3 Qd6 15.
b4 a5 16. Rb1 axb4 17. axb4 b5 18. O-O Bg4 19. Nd2 Nb6 20. e4 dxe4 21. Ncxe4
Nxe4 22. Bxe4 Rfc8 23. Rfc1 Bd7 24. Qc5 Qxc5 25. dxc5 Nd5 26. Bxd5 cxd5 27. Nf3
f6 28. Nd4 Ra6 29. f3 Kf7 30. g4 g6 31. Rd1 Ra2 32. h3 h5 33. Rd3 hxg4 34. fxg4
f5 35. gxf5 gxf5 36. Rf3 Rg8+ 37. Kf1 Kf6 38. c6 Bc8 39. Nxb5 Ba6 40. Rf2 Bxb5+
41. Ke1 Rg1+ {White resigns} 0-1

[Event "Team 45 45 League T100"]
[Site "Internet Chess Club"]
[Date "2024.06.10"]
[Round "4"]
[White "olivermx"]
[Black "Fulmar"]
[Result "0-1"]
[WhiteElo "1430"]
[BlackElo "1427"]
[Opening "Queen's pawn game"]
[ECO "A46"]
[Time "22:44:28"]
[PlyCount "70"]
[TimeControl "2700+45"]

1. d4 Nf6 2. Nf3 c6 3. Bf4 Qb6 4. Qc1 Nh5 5. Bg3 Nxg3 6. hxg3 g6 7. e3 Bg7 8.
Nbd2 O-O 9. Be2 d6 10. c3 e5 11. Qc2 Bf5 12. Qb3 Nd7 13. Nh4 Be6 14. Qc2 exd4
15. cxd4 Rfe8 16. f4 f5 17. Nc4 Bxc4 18. Qxc4+ d5 19. Qc3 Nf6 20. Rh3 Re7 21.
Nf3 Rae8 22. Ne5 Qc7 23. O-O-O Ne4 24. Qe1 c5 25. Kb1 Rc8 26. Rc1 Qb6 27. dxc5
Rxc5 28. Rxc5 Qxc5 29. Nd3 Qb6 30. Qb4 Re6 31. Qxb6 Rxb6 32. Ne5 Bxe5 33. fxe5
Nc3+ 34. Kc1 Nxe2+ 35. Kd2 Rxb2+ {White resigns} 0-1

[Event "Team 45 45 League T100"]
[Site "Internet Chess Club"]
[Date "2024.06.07"]
[Round "4"]
[White "Reykjaviking"]
[Black "WzeroMN"]
[Result "1-0"]
[WhiteElo "1275"]
[BlackElo "929"]
[Opening "Queen's pawn game"]
[ECO "D05"]
[Time "13:32:10"]
[PlyCount "39"]
[TimeControl "2700+45"]

1. d4 d5 2. Nf3 e6 3. e3 Nf6 4. Ne5 Be7 5. Bd3 O-O 6. O-O Bd7 7. Nd2 Bd6 8. f4
Nc6 9. a3 Nxe5 10. fxe5 Bxe5 11. dxe5 Ne4 12. Nxe4 dxe4 13. Bxe4 Bc6 14. Bxc6
Qxd1 15. Rxd1 bxc6 16. b4 Rad8 17. Bb2 Rd5 18. c4 Rxd1+ 19. Rxd1 h6 20. Rd7
{Black resigns} 1-0

[Event "Team 45 45 League T100"]
[Site "Internet Chess Club"]
[Date "2024.06.10"]
[Round "4"]
[White "Electryon"]
[Black "DaveTheRook"]
[Result "1-0"]
[WhiteElo "1511"]
[BlackElo "1408"]
[Opening "Queen's pawn: Yusupov-Rubinstein system"]
[ECO "A46"]
[Time "18:30:55"]
[PlyCount "59"]
[TimeControl "2700+45"]

1. d4 Nf6 2. Nf3 e6 3. e3 b6 4. Bd3 Bb7 5. Nbd2 d5 6. b3 Bd6 7. Bb2 O-O 8. O-O
Nbd7 9. Ne5 c6 10. f4 a5 11. Rf3 Qc7 12. a4 Ba6 13. c4 Bb4 14. Rh3 Bxd2 15. Nxd7
Bxe3+ 16. Rxe3 Qxd7 17. Rh3 g6 18. Qf3 Qc7 19. Re1 Bc8 20. Re5 Qe7 21. f5 Bd7
22. Bc1 Ne8 23. Bh6 Ng7 24. f6 Qa3 25. Bxg7 Qa1+ 26. Bf1 Qxd4+ 27. Qe3 Qxe3+ 28.
Rexe3 Rfe8 29. Rxh7 Kxh7 30. Rh3+ {Black resigns} 1-0

[Event "Team 45 45 League T100"]
[Site "Internet Chess Club"]
[Date "2024.06.06"]
[Round "4"]
[White "Ostap-Bender"]
[Black "Visin"]
[Result "1-0"]
[WhiteElo "1256"]
[BlackElo "1249"]
[Opening "Queen's pawn game"]
[ECO "D04"]
[Time "13:00:26"]
[PlyCount "80"]
[TimeControl "2700+45"]

1. d4 d5 2. Nf3 Nf6 3. e3 Nc6 4. c4 Bg4 5. h3 Bh5 6. cxd5 Qxd5 7. Nc3 Qd7 8. Bb5
e6 9. O-O a6 10. Be2 Bd6 11. Nh2 Bg6 12. Ng4 h5 13. Nxf6+ gxf6 14. e4 Ne7 15.
Be3 O-O-O 16. Rc1 c6 17. Na4 Qc7 18. Qc2 e5 19. d5 Nxd5 20. Ba7 Bxe4 21. Qxe4
Qd7 22. Qxd5 Qe6 23. Qxe6+ fxe6 24. Bc5 h4 25. Rfd1 Bxc5 26. Nxc5 Rxd1+ 27. Rxd1
Re8 28. Rd6 Kc7 29. Rxe6 Rxe6 30. Nxe6+ Kd6 31. Bc4 b5 32. Bb3 c5 33. Nd8 c4 34.
Bc2 Kd5 35. Kf1 a5 36. Ke2 b4 37. Ke3 f5 38. Bxf5 b3 39. axb3 cxb3 40. Bd7 Kd6
{Black resigns} 1-0

[Event "Team 45 45 League T100"]
[Site "Internet Chess Club"]
[Date "2024.06.06"]
[Round "4"]
[White "ticktockman"]
[Black "stantheman59"]
[Result "1-0"]
[WhiteElo "1117"]
[BlackElo "1189"]
[Opening "KP: Nimzovich defense"]
[ECO "B00"]
[Time "19:03:52"]
[PlyCount "149"]
[TimeControl "2700+45"]

1. e4 Nc6 2. Bc4 e6 3. Nf3 d5 4. exd5 exd5 5. Bb5 Bd7 6. O-O Bd6 7. Qe1+ Nge7 8.
d3 a6 9. Ba4 b5 10. Bb3 O-O 11. Nc3 Nb4 12. a3 Nbc6 13. Nxd5 Nxd5 14. Bxd5 Re8
15. Qd2 Rb8 16. Re1 Ne5 17. Nxe5 Bxe5 18. d4 Bf6 19. c3 c6 20. Rxe8+ Bxe8 21.
Bb3 Rb7 22. Bc2 Re7 23. h3 Qd5 24. f3 Qe6 25. Qd3 Qe1+ 26. Kh2 g6 27. Qd2 Qxd2
28. Bxd2 Re2 29. Rd1 c5 30. Bd3 Re7 31. dxc5 Bc6 32. Re1 Be5+ 33. Kh1 Kf8 34.
Bh6+ Ke8 35. Bg5 Re6 36. f4 Bc7 37. Rxe6+ fxe6 38. Kh2 e5 39. fxe5 Bxe5+ 40. Kh1
Bd5 41. Be3 Kd7 42. Bd4 Bg3 43. Kg1 Be1 44. Be3 Bg3 45. Bf2 Bc7 46. b4 Bc6 47.
Bd4 Bf4 48. c4 Bc1 49. cxb5 axb5 50. Bc3 Bxa3 51. Be2 Ke6 52. Bg4+ Kf7 53. Kf2
h5 54. Bf3 Bxf3 55. Kxf3 Ke7 56. Ke4 Ke6 57. Bd2 Bb2 58. Be1 Be5 59. g3 g5 60.
c6 Bc7 61. g4 h4 62. Bc3 Kd6 63. Kf5 Bd8 64. Bf6 Bc7 65. Bxg5 Kxc6 66. Bxh4 Kd7
67. Be1 Ke7 68. g5 Kf7 69. h4 Bd8 70. h5 Bxg5 71. Kxg5 Kg7 72. h6+ Kh7 73. Bd2
Kh8 74. Kf5 Kh7 75. Ke5 {Black resigns} 1-0